 Dungeon Crawl Stone Soup version 0.23.0 (webtiles) character file.

Game seed: 8621907383023963622

11004 Borgoz the Fighter (level 11, -5/72 HPs)
             Began as a Gargoyle Gladiator on Feb 9, 2019.
             Was a Priest of Ashenzari.
             Killed from afar by a gargoyle (12 damage)
             ... with a stone arrow
             ... in a volcano.
             The game lasted 00:28:57 (12284 turns).

Borgoz the Fighter (Gargoyle Gladiator)            Turns: 12284, Time: 00:28:58

Health: -5/72      AC: 19    Str: 24    XL:     11   Next: 71%
Magic:  11/11      EV: 13    Int:  8    God:    Ashenzari [***...]
Gold:   440        SH:  9    Dex: 14    Spells: 10/10 levels left

rFire    . . .     SeeInvis +   a - +0 war axe
rCold    . . .     Gourm    +   n - +1 shield {AC+3} (curse)
rNeg     + + .     Faith    .   p - +0 ring mail
rPois    ∞         Spirit   .   c - +0 helmet (curse)
rElec    +         Reflect  .   (no cloak)
rCorr    .         Harm     .   (no gloves)
MR       .....                  (no boots)
Stlth    ++........             F - amulet of the gourmand
HPRegen  0.22/turn              B - ring of stealth
MPRegen  0.12/turn              g - ring of positive energy (curse)

@: mighty
A: negative energy resistance 1, electricity resistance, unbreathing,
petrification resistance, rot immunity, AC +8
a: Curse Item, Scrying, Renounce Religion


You were in a volcano.
You worshipped Ashenzari.
Ashenzari was most pleased with you.
You were very full.

You visited 3 branches of the dungeon, and saw 12 of its levels.
You also visited: Volcano.

You collected 728 gold pieces.
You spent 288 gold pieces at shops.

Inventory:

Hand Weapons
 a - a +0 war axe (weapon)
 b - a +3 morningstar of freezing
Missiles
 d - 2 throwing nets (quivered)
Armour
 c - a cursed +0 helmet (worn)
 n - a cursed +1 shield of protection (worn)
 p - a +0 ring mail (worn)
Jewellery
 g - a cursed ring of positive energy (right hand)
 B - a ring of stealth (left hand)
 F - an amulet of the gourmand (around neck)
Wands
 m - a wand of acid (2)
 J - a wand of iceblast (10)
Scrolls
 e - 2 scrolls of magic mapping
 h - 3 scrolls of remove curse
 i - 8 scrolls of teleportation
 k - 8 scrolls of enchant weapon
 u - a scroll of enchant armour
 v - a scroll of brand weapon
 y - 4 scrolls of fear
 C - 3 scrolls of identify
Potions
 D - a potion of flight
Comestibles
 f - 19 rations


   Skills:
 + Level 10.2 Fighting
 + Level 8.9 Axes
 - Level 1.7 Throwing
 + Level 9.9 Armour
 + Level 8.1 Dodging


You had 10 spell levels left.
You didn't know any spells.
Your spell library contained the following spells:

 Spells                   Type           Power        Failure   Level  Hunger
 Infusion                 Chrm           #...         99%         1    ##.....
 Ignite Poison            Fire/Tmut/Pois #.......     100%        3    ####...
 Petrify                  Tmut/Erth      #.......     100%        4    #####..
 Excruciating Wounds      Chrm/Necr      #.........   100%        5    ######.


Dungeon Overview and Level Annotations

Branches:
Dungeon (10/15)            Temple (1/1) D:7            Lair (1/6) D:8
    Orc: D:9-12

Altars:
Ashenzari
Cheibriados
Dithmenos
Elyvilon
Fedhas
Gozag
Hepliaklqana
Kikubaaqudgha
Makhleb
Nemelex Xobeh
Okawaru
Qazlal
Ru
Sif Muna
Trog
Uskayaw
Vehumet
Wu Jian
Xom
Yredelemnul
Zin

Shops:
D:5 }   D:7 *   D:8 *


Innate Abilities, Weirdness & Mutations

You are resistant to torment.
Your stone body is resilient. (AC +8)
You are immune to poison.
You resist negative energy. (rN+)
You are resistant to electric shocks. (rElec)
You can survive without breathing.
You are immune to petrification.
You are immune to rotting.


Message History

The gargoyle hurls a stone arrow at you.
The stone arrow misses you. You block the gargoyle's attack.
You hit the gargoyle.
The gargoyle is severely damaged.
The gargoyle hurls a stone arrow at you.
The stone arrow hits you!
* * * LOW HITPOINT WARNING * * *
You barely miss the gargoyle.
The gargoyle is severely damaged.
The gargoyle hits you but does no damage.
You barely miss the gargoyle.
The gargoyle is severely damaged.
The gargoyle hurls a stone arrow at you.
You block the stone arrow.
Unknown command.
You hit the gargoyle but do no damage.
The gargoyle is severely damaged.
The gargoyle hurls a stone arrow at you.
The stone arrow hits you!
You die...

≈≈≈≈≈≈≈≈≈≈≈≈≈≈§≈≈≈§§≈≈§§§§§§§≈≈≈§
≈°≈≈≈≈≈≈,≈≈≈≈≈.≈≈≈≈≈≈≈.§≈§§≈§≈≈≈§
≈≈≈≈≈≈≈≈,,,,,,,,,,,,,,.§...≈≈§≈≈≈
≈≈≈≈≈≈≈,*****#######****#.≈≈≈≈≈≈≈
≈≈≈≈≈≈≈,*,,,,+.....+,,,,#..≈≈§§≈≈
≈≈≈≈≈≈≈,*,∩,,#.8_8.#,,∩,#.≈≈≈§§§≈
≈≈≈≈≈≈≈,*,,,,#..RE.#,,,,#§§≈§§≈≈≈
≈≈≈≈≈≈≈,***++**#9###++###.§≈§§§§≈
≈≈≈≈≈≈≈,*,,,,,,#@#......#.≈§§≈≈§≈
≈≈≈≈≈≈≈,******,#.#,######.§§§≈§≈≈
≈≈≈≈≈≈≈,*,,,,*,#.#,*,,,,#.§§≈≈§§§
≈≈≈≈≈≈≈,*,,,,*,#.#,*,,,,#§§§≈§§≈≈
≈≈≈≈≈≈≈,*,{,,*,#.#,*,,{,#§≈§≈§§§≈
≈≈≈≈≈≈≈,*,,,,,,#.#,,,,,,#..≈≈≈≈≈≈
≈≈≈≈≈≈≈.########+########§≈≈≈≈≈≈§
,,,≈≈,.≈........§§..§....§≈≈≈§≈≈§
≈≈≈,,≈§≈§§≈.≈§§§§§§§≈≈§≈≈§§§≈≈§≈≈


You could see an earth elemental, an efreet and a gargoyle.

Vanquished Creatures
  A two-headed ogre (D:9)
  The ghost of Jaiteiro the Changer, a novice DrTm of the Shining One (D:8)
  A black mamba (Lair:1)
  A spiny frog (Lair:1)
  A gargoyle (D:10)
  2 komodo dragons (Lair:1)
  A troll (D:9)
  Grinder (D:3)
  A hippogriff (D:9)
  Sigmund (D:3)
  Eustachio (D:6)
  A fire elemental (Volcano)
  A hungry ghost (D:9)
  2 basilisks (D:8)
  2 chaos spawn (D:8)
  Duvessa (D:6)
  4 porcupines (D:8)
  A water moccasin (D:9)
  A hornet zombie (D:8)
  6 orc warriors
  2 phantoms
  4 black bears
  3 ice beasts
  5 sky beasts
  3 ogres
  A wolf (D:8)
  2 centaurs
  3 crocodiles
  4 bullfrogs
  A gnoll sergeant (D:10)
  Dowan (D:6)
  3 scorpions
  12 wights
  2 howler monkeys
  2 lava snakes (Volcano)
  3 crimson imps
  5 jellies
  A centaur zombie (D:5)
  A quasit (D:3)
  7 orc priests
  4 centaur skeletons
  2 hounds
  A bullfrog skeleton (D:3)
  6 iguanas
  11 orc wizards
  2 worker ants (D:4)
  A hound zombie (D:8)
  A worker ant zombie (D:10)
  A howler monkey zombie (D:10)
  6 gnolls
  A howler monkey skeleton (D:6)
  8 adders
  3 shadow imps
  2 oozes
  4 worms
  2 dart slugs (D:1)
  3 leopard geckos
  33 orcs
  3 ball pythons
  10 bats
  9 giant cockroaches
  4 goblins
  10 hobgoblins
  6 jackals (D:2)
  6 quokkas
  6 frilled lizards
  2 jackal zombies
  7 kobolds
  4 leopard gecko skeletons
  9 rats
263 creatures vanquished.

Notes
Turn   | Place    | Note
-------+----------+-------------------------------------------
     0 | D:1      | Borgoz the Gargoyle Gladiator began the quest for the Orb.
     0 | D:1      | Reached XP level 1. HP: 12/12 MP: 1/1
    46 | D:1      | Reached XP level 2. HP: 18/18 MP: 2/2
   126 | D:1      | Reached skill level 1 in Armour
   244 | D:1      | Reached XP level 3. HP: 22/22 MP: 3/3
   761 | D:2      | Reached skill level 3 in Fighting
   761 | D:2      | Reached XP level 4. HP: 27/28 MP: 4/4
   946 | D:2      | Reached XP level 5. HP: 4/32 MP: 5/5
  1246 | D:2      | Found a shimmering altar of Xom.
  1887 | D:3      | Noticed Grinder
  1909 | D:3      | Paralysed by Grinder for 2 turns
  1913 | D:3      | Paralysed by Grinder for 2 turns
  1921 | D:3      | Paralysed by Grinder for 4 turns
  1930 | D:3      | Killed Grinder
  1930 | D:3      | Reached skill level 4 in Fighting
  1930 | D:3      | Reached XP level 6. HP: 4/38 MP: 6/6
  2540 | D:3      | Noticed Sigmund
  2543 | D:3      | You fall through a shaft for 3 floors!
  2549 | D:6      | Reached XP level 7. HP: 44/44 MP: 7/7
  2550 | D:6      | Noticed Eustachio
  2556 | D:6      | Noticed Dowan
  2561 | D:6      | Noticed Duvessa
  2967 | D:7      | Found Foabb's Elemental Accessories.
  3034 | D:7      | Reached skill level 5 in Fighting
  3202 | D:7      | Reached XP level 8. HP: 34/49 MP: 8/8
  3440 | D:7      | Found an iron altar of Okawaru.
  3529 | D:7      | Found a staircase to the Ecumenical Temple.
  3541 | Temple   | Entered the Ecumenical Temple
  3605 | Temple   | Became a worshipper of Ashenzari the Shackled
  3849 | D:5      | Entered Level 5 of the Dungeon
  3904 | D:5      | Reached skill level 5 in Axes
  3911 | D:5      | Found Heegutow's Gadget Emporium.
  3948 | D:5      | Reached skill level 5 in Armour
  4608 | D:4      | Reached skill level 6 in Fighting
  4757 | D:4      | Reached skill level 5 in Dodging
  4922 | D:3      | Reached * piety under Ashenzari
  4999 | D:3      | Killed Sigmund
  5251 | D:5      | Reached XP level 9. HP: 33/56 MP: 9/9
  5899 | D:6      | Found a snail-covered altar of Cheibriados.
  5911 | D:6      | Found a basalt altar of Yredelemnul.
  6100 | D:6      | Killed Duvessa
  6100 | D:6      | Reached skill level 7 in Fighting
  6102 | D:6      | Killed Dowan
  6134 | D:6      | Killed Eustachio
  6221 | D:6      | Found a bloodstained altar of Trog.
  6233 | D:6      | Found a deep blue altar of Sif Muna.
  7233 | D:8      | Reached XP level 10. HP: 30/64 MP: 10/10
  7240 | D:8      | Reached skill level 8 in Fighting
  7481 | D:8      | Found a staircase to the Lair.
  7626 | D:8      | Found the +7 mace of Variability {chain chaos}
  7627 | D:8      | Found a shimmering altar of Xom.
  7648 | D:8      | Reached ** piety under Ashenzari
  7978 | D:8      | Found Bac Wihiu's Assorted Antiques.
  7981 | D:8      | Bought a scroll of identify for 48 gold pieces
  7981 | D:8      | Bought a potion of heal wounds for 120 gold pieces
  7981 | D:8      | Bought a dented golden amulet for 120 gold pieces
  8263 | D:8      | Found a runed translucent gate.
  8263 | D:8      | Found a runed translucent gate.
  8263 | D:8      | Found a runed translucent gate.
  8264 | D:8      | Found an opulent altar of Gozag.
  8265 | D:8      | Noticed Jaiteiro's ghost (novice DrTm)
  8313 | D:8      | Killed Jaiteiro's ghost
  8424 | D:9      | Noticed a two-headed ogre
  8434 | D:9      | Killed a two-headed ogre
  8434 | D:9      | Reached skill level 9 in Fighting
  8552 | D:9      | Identified Sif Muna's Compendium of Boosts and
                  | Transformation
  8936 | D:10     | Entered Level 10 of the Dungeon
  8950 | D:9      | Reached XP level 11. HP: 71/71 MP: 11/11
 10441 | D:10     | Reached skill level 10 in Fighting
 11404 | Lair:1   | Entered Level 1 of the Lair of Beasts
 11550 | Lair:1   | HP: 1/72 [crocodile (9)]
 11661 | Lair:1   | Found a dark tunnel.
 11666 | Volcano  | Entered a volcano
 11666 | Volcano  | Reached *** piety under Ashenzari
 12261 | Volcano  | Found a burning altar of Makhleb.
 12284 | Volcano  | Killed from afar by a gargoyle

Skill      XL: |  1  2  3  4  5  6  7  8  9 10 11 |
---------------+----------------------------------+-----
Armour         | 1 2 3 4 5 7 8 9 |  9.9
Axes           | 3 4 5 6 8 |  8.9
Fighting       | 3 4 5 6 7 9 10 | 10.2
Dodging        | 3 4 5 6 7 8 |  8.1
Throwing       | |  1.7

Action                   |  1- 3 |  4- 6 |  7- 9 | 10-12 || total
-------------------------+-------+-------+-------+-------++-------
Melee: War axe           |    96 |   160 |   488 |   613 ||  1357
Throw: Throwing net      |       |       |       |     5 ||     5
Invok: Curse Item        |       |       |     1 |     2 ||     3
Evoke: Wand              |       |       |       |     2 ||     2
  Use: Potion            |       |     5 |     2 |    10 ||    17
       Scroll            |       |     1 |    10 |     6 ||    17
 Stab: Sleeping          |       |       |       |     2 ||     2
  Eat: Chunk             |       |     2 |    16 |    30 ||    48
       Ration            |       |     1 |       |       ||     1
Armor: Leather armour    |    43 |    98 |    15 |       ||   156
       Skin              |       |    12 |       |       ||    12
       Ring mail         |       |       |   304 |   425 ||   729
Dodge: Dodged            |    78 |   129 |   327 |   349 ||   883
Block: Shield            |       |    71 |   255 |   311 ||   637
